 Dungeon Crawl Stone Soup version 0.30-a0-1085-g990a428a5c (webtiles) character file.

Game seed: 3951061251791090015

14 cforsyth the Caller (level 2, 0/19 HPs)
             Began as a Mummy Summoner on Apr 17, 2023.
             Slain by a quokka (5 damage)
             ... on level 1 of the Dungeon.
             The game lasted 00:00:53 (536 turns).

cforsyth the Caller (Mummy Summoner)                 Turns: 536, Time: 00:00:54

Health: 0/19       AC:  2    Str: 11    XL:     2   Next: 31%
Magic:  5/6        EV: 12    Int: 14    God:
Gold:   44         SH:  0    Dex: 12    Spells: 4/7 levels left

rFire   x . .      SeeInvis .    (no weapon)
rCold   + . .      Faith    +    (no shield)
rNeg    + + +      Spirit   .    a - +0 robe
rPois   ∞          Reflect  .    (no helmet)
rElec   .          Rampage  .    (no cloak)
rCorr   .                        (no gloves)
Will    .....                    (no boots)
Stlth   ++                       (no amulet)
HPRegen 0.23/turn                (no ring)
MPRegen 0.10/turn                (no ring)

@: no status effects
A: cold resistance 1, negative energy resistance 3, torment resistance 2, heat
vulnerability 1, no potions, faith
a: no special abilities


You were on level 1 of the Dungeon.
You visited 1 branch of the dungeon, and saw 1 of its levels.

You collected 44 gold pieces.

Inventory:

Armour
 a - a +0 robe (worn)
Scrolls
 b - a scroll of fog {unknown}
 c - a scroll of torment {unknown}


   Skills:
 - Level 1.5 Dodging
 - Level 1.5 Stealth
 + Level 3.3 Spellcasting
 + Level 3.5 Summonings


You had 4 spell levels left.
You knew the following spells:

 Your Spells              Type           Power      Damage    Failure   Level
a - Summon Small Mammal   Summ           48%        N/A       4%          1
b - Call Imp              Summ           24%        N/A       8%          2

Your spell library contained the following spells:

 Spells                   Type           Power      Damage    Failure   Level
 Call Canine Familiar     Summ           12%        N/A       14%         3
 Summon Guardian Golem    Hex/Summ       7%         N/A       30%         3
 Summon Lightning Spire   Summ/Air       7%         N/A       69%         4
 Summon Hydra             Summ           6%         N/A       100%        7
 Sublimation of Blood     Necr           Unusable   N/A       N/A         2
 Wereblood                Tmut           Unusable   N/A       N/A         2

Dungeon Overview and Level Annotations

Branches:
Dungeon (1/15)

Altars:


Innate Abilities, Weirdness & Mutations

You are immune to poison.
Your flesh is cold resistant. (rC+)
You are immune to negative energy. (rN+++)
You are immune to unholy pain and torment.
You are vulnerable to heat. (rF-)
You do not drink.
You have a special connection with the divine. (Faith)


Message History

The quokka bites you.
Your quokka closely misses the quokka.
The quokka barely misses you.
You completely miss the quokka.
The quokka is heavily wounded.
Your quokka disappears in a puff of smoke!
The quokka bites you.
You closely miss the quokka.
The quokka is heavily wounded.
The quokka barely misses you.
You barely miss the quokka.
The quokka is heavily wounded.
The quokka bites you but does no damage.
You barely miss the quokka.
The quokka is heavily wounded.
The quokka bites you.
You hit the quokka but do no damage.
The quokka is heavily wounded.
The quokka bites you. The quokka barely misses you.
You closely miss the quokka.
The quokka is heavily wounded.
The quokka misses you.
You hit the quokka but do no damage.
The quokka is heavily wounded.
The quokka barely misses you. The quokka bites you.
You are too injured to fight recklessly!
You barely miss the quokka.
The quokka is heavily wounded.
Your bat barely misses the quokka.
The quokka closely misses you.
You closely miss the quokka.
The quokka is heavily wounded.
The quokka bites you.
Your bat hits the quokka but does no damage.
The quokka bites you.
* * * LOW HITPOINT WARNING * * *
You hit the quokka but do no damage.
The quokka is heavily wounded.
Your bat hits the quokka but does no damage.
Your bat barely misses the quokka.
The quokka bites you.
You die...

..)##.#.#
#............
#........ .#..).#
..#...........
#........ .#.####
#.##########
#####.... .#.#
#.###### #.... >....
#. #...# #.... .....
## #...# #####
##...# ...##...#
######
........##########
#...#
####..@.........#
....#
......r..........#
#...#
#####.b..........#
##.## #............#
#.#
#...#........#######
##.##
#...##.######...!...
#...# #...##..#
#....... #.<.#
#...#....# ##.......
#...#
#####.....##........


You could see a quokka (ally target) and a friendly bat (summoned).

Vanquished Creatures
  A dart slug (D:1)
  A giant cockroach (D:1)
  2 kobolds (D:1)
4 creatures vanquished.

Vanquished Creatures (collateral kills)
  A bat (D:1)
  2 goblins (D:1)
  A hobgoblin (D:1)
  A kobold (D:1)
  A quokka (D:1)
  A frilled lizard (D:1)
7 creatures vanquished.

Grand Total: 11 creatures vanquished

Notes
Turn   | Place    | Note
-------+----------+-------------------------------------------
     0 | D:1      | cforsyth the Mummy Summoner began the quest for the Orb.
     0 | D:1      | Reached XP level 1. HP: 13/13 MP: 4/4
   148 | D:1      | Found a faded altar of an unknown god.
   244 | D:1      | Reached XP level 2. HP: 19/19 MP: 3/6
   329 | D:1      | Learned a level 2 spell: Call Imp
   536 | D:1      | Slain by a quokka

Illustrated notes

Levels and vault maps discovered:
D:1:      minmay_arrival_nine_rooms, layout_basic,
          dreamdust_ecumenical_altar_grove

Skill      XL: |  1 |
---------------+----+-----
Spellcasting   | 3 |  3.3
Dodging        | |  1.5
Stealth        | |  1.5
Summonings     | |  3.5

Action                     || total
---------------------------++-------
  Melee: Unarmed           ||    38
   Cast: Summon Small Mamm ||    19
 Armour: Robe              ||    10
  Dodge: Dodged            ||    23

Table legend: (Time is in decaauts)
 A = Elapsed time spent in this place.
 B = Non-inter-level travel time spent in this place.
 C = Inter-level travel time spent in this place.
 D = Time resting spent in this place.
 E = Time spent auto-exploring this place.
 F = Levels seen in this place.
 G = Mean time per level.
                   A        B        C        D        E       F      G
               +--------+--------+--------+--------+--------+-----+--------+
         Total |    536 |    536 |      0 |      0 |    402 |   1 |  536.0 |
       Dungeon |    536 |    536 |      0 |      0 |    402 |   1 |  536.0 |
               +--------+--------+--------+--------+--------+-----+--------+

Top non-repeatable levels by time:
     D:1: 536 daAuts
